 Dungeon Crawl Stone Soup version 0.22-a0-395-gfed312b (webtiles) character file.

594 nikopol the Magician (level 7, -2/36 HPs)
             Began as a Deep Elf Fire Elementalist on May 3, 2018.
             Slain by a killer bee (5 damage)
             ... on level 4 of the Dungeon.
             The game lasted 00:11:41 (3149 turns).

nikopol the Magician (Deep Elf Fire Elementalist)   Turns: 3149, Time: 00:11:42

Health: -2/36      AC:  4    Str:  5    XL:     7   Next: 16%
Magic:  2/18       EV: 13    Int: 22    God:
Gold:   159        SH:  0    Dex: 15    Spells: 3/18 levels left

rFire    . . .     SeeInvis .   m - +2 dagger (pain)
rCold    . . .     Gourm    .   (no shield)
rNeg     . . .     Faith    .   a - +0 robe
rPois    .         Spirit   .   e - +1 helmet
rElec    .         Reflect  .   (no cloak)
rCorr    .         Harm     .   (no gloves)
MR       .....                  (no boots)
Stlth    ++........             (no amulet)
HPRegen  0.12/turn              (no ring)
MPRegen  0.16/turn              (no ring)

@: no status effects
A: no striking features
a: no special abilities


You were on level 4 of the Dungeon.
You were hungry.

You visited 1 branch of the dungeon, and saw 4 of its levels.

You collected 159 gold pieces.

Inventory:

Hand Weapons
 m - a +2 dagger of pain (weapon)
Armour
 a - a +0 robe (worn)
 b - a +0 buckler
 e - a +1 helmet (worn)
Wands
 p - a wand of random effects (12)
Scrolls
 d - 4 scrolls of teleportation
 g - a scroll of immolation
Potions
 f - 2 potions of might {unknown}
 i - a potion of heal wounds {unknown}
 k - 2 potions of cancellation {unknown}
 l - 2 potions of curing
 n - a potion of agility {unknown}
Comestibles
 c - 5 rations
 h - 3 chunks of flesh


   Skills:
 + Level 0.1 Fighting
 + Level 3.3 Dodging
 + Level 3.4 Stealth
 + Level 6.2 Spellcasting
 + Level 4.7 Conjurations
 + Level 5.3 Fire Magic


You had 3 spell levels left.
You knew the following spells:

 Your Spells              Type           Power        Failure   Level  Hunger
a - Flame Tongue          Conj/Fire      ####.        1%          1    None
b - Throw Flame           Conj/Fire      ####..       1%          2    None
c - Conjure Flame         Conj/Fire      ####....     3%          3    #......
d - Sticky Flame          Conj/Fire      ####....     12%         4    ###....
e - Fireball              Conj/Fire      ####......   32%         5    #####..


Dungeon Overview and Level Annotations

Branches:
Dungeon (4/15)
 Temple: D:4-7

Altars:
Fedhas
Makhleb
Ru
Yredelemnul

Shops:
D:4 [


Message History

The killer bee barely misses you. x2
Casting: Flame Tongue (safe; 1% risk of failure)
Confirm with . or Enter, or press ? or * to list all spells.
Aiming: Flame Tongue (safe; 1% risk of failure)
Press: ? - help, Shift-Dir - straight line, f/p - killer bee
Aim: a killer bee (almost dead)
The flame tongue hits the killer bee.
You kill the killer bee!
The killer bee closely misses you.
Casting: Flame Tongue (safe; 1% risk of failure)
Confirm with . or Enter, or press ? or * to list all spells.
Aiming: Flame Tongue (safe; 1% risk of failure)
Press: ? - help, Shift-Dir - straight line, f - killer bee
Aim: a killer bee (moderately wounded)
The flame tongue hits the killer bee.
The killer bee is almost dead.
The killer bee stings you!
* * * LOW HITPOINT WARNING * * *
The killer bee stings you.
You die...

. . ### .. ### #
.... ##### # ....
##..>## ##
#.##..######.....#
#.
#.......y@.......#
#.
#.##..######.....###
#. .... ##......# #.
#.## #.......# #. .
#.####..### ##
#.#.......# # #
##.#.....#.# #
...........#.# ##.
.....#.#.....###..


You could see a killer bee.

Vanquished Creatures
  Sigmund (D:3)
  2 killer bees (D:4)
  3 orc priests
  A gnoll shaman (D:4)
  2 orc wizards
  4 gnolls (D:4)
  4 adders
  An ooze (D:3)
  5 dart slugs
  2 leopard geckos (D:1)
  12 orcs
  4 giant cockroaches
  3 goblins
  10 hobgoblins
  8 jackals
  5 kobolds
  4 ball pythons
  6 bats
  6 frilled lizards
  A jackal skeleton (D:4)
  4 rats
88 creatures vanquished.

Notes
Turn   | Place    | Note
-------+----------+-------------------------------------------
     0 | D:1      | nikopol the Deep Elf Fire Elementalist began the quest for the Orb.
     0 | D:1      | Reached XP level 1. HP: 10/10 MP: 6/6
   272 | D:1      | Reached XP level 2. HP: 15/15 MP: 4/8
   276 | D:1      | Learned a level 2 spell: Throw Flame
   492 | D:1      | Reached XP level 3. HP: 9/19 MP: 0/10
   497 | D:1      | Learned a level 3 spell: Conjure Flame
  1709 | D:2      | Reached skill level 4 in Spellcasting
  1709 | D:2      | Reached XP level 4. HP: 24/24 MP: 6/12
  1885 | D:2      | Reached XP level 5. HP: 10/28 MP: 2/14
  1894 | D:2      | Learned a level 4 spell: Sticky Flame
  2138 | D:3      | Found a burning altar of Makhleb.
  2333 | D:3      | Noticed Sigmund
  2358 | D:3      | Killed Sigmund
  2358 | D:3      | Reached skill level 5 in Spellcasting
  2358 | D:3      | Reached XP level 6. HP: 16/32 MP: 4/16
  2370 | D:3      | Learned a level 5 spell: Fireball
  2476 | D:3      | Found a blossoming altar of Fedhas.
  2695 | D:4      | Reached skill level 5 in Fire Magic
  2775 | D:4      | Reached skill level 6 in Spellcasting
  2910 | D:4      | Found a basalt altar of Yredelemnul.
  2996 | D:4      | Found Furrir's Antique Armour Shoppe.
  3060 | D:4      | Found a blossoming altar of Fedhas.
  3060 | D:4      | Found a sacrificial altar of Ru.
  3144 | D:4      | Reached XP level 7. HP: 13/36 MP: 5/18
  3149 | D:4      | Slain by a killer bee

Vault maps used:
D:1:      minmay_arrival_solitary_statue
D:2:      first_ration
D:3:      lightli_temple_of_fire, fedhas_altar_2, uniq_sigmund
D:4:      nicolae_overflow_crystal_walls, gammafunk_temple_overflow_statue,
          serial_shops, shop_fountains, cheibrodos_sewer_entry_bend,
          minmay_misc_feat_iff

Skill      XL: |  1  2  3  4  5  6 |
---------------+-------------------+-----
Fire Magic     | 4 5 |  5.3
Dodging        | 3 |  3.3
Spellcasting   | 4 5 6 |  6.2
Conjurations   | 2 3 4 |  4.7
Stealth        | 3 |  3.4
Fighting       | |  0.1

Action                   |  1- 3 |  4- 6 |  7- 9 || total
-------------------------+-------+-------+-------++-------
Melee: Dagger            |       |     4 |       ||     4
 Cast: Flame Tongue      |    59 |    97 |     5 ||   161
       Throw Flame       |     3 |    12 |       ||    15
       Conjure Flame     |       |     1 |       ||     1
       Sticky Flame      |       |     1 |       ||     1
  Use: Scroll            |       |     6 |       ||     6
       Potion            |       |       |     1 ||     1
  Eat: Chunk             |     2 |     4 |       ||     6
Armor: Robe              |     7 |     2 |       ||     9
Dodge: Dodged            |    17 |    29 |     6 ||    52

Table legend:
 A = Spawn XP
 B = Non-spawn XP
 C = Spawn XP percentage of total XP
 D = Spawn monster count
 E = Non-spawn monster count
 F = Spawn count percentage of total count
 G = Total turns spent on level
                    A         B        C        D         E        F      G
               +---------+---------+-------+---------+---------+-------+---------
         Total |       0 |     849 |   0.0 |       0 |      88 |   0.0 |  3149
               +---------+---------+-------+---------+---------+-------+---------
           D:1 |       0 |      53 |   0.0 |       0 |      28 |   0.0 |  1153
           D:2 |       0 |     154 |   0.0 |       0 |      13 |   0.0 |   931
           D:3 |       0 |     273 |   0.0 |       0 |      20 |   0.0 |   667
           D:4 |       0 |     369 |   0.0 |       0 |      27 |   0.0 |   398
               +---------+---------+-------+---------+---------+-------+---------
